 Dungeon Crawl Stone Soup version 0.29.0-11-gd7f09526c8 (webtiles) character file.

Game seed: 4077896920590399051

46 oldmanjim the Shooter (level 3, -1/23 HPs)
             Began as a Gargoyle Hunter on Sept 4, 2022.
             Killed by nerve-wracking pain
             ... invoked by a shadow imp
             ... summoned by Natasha
              (4 damage)
             ... on level 2 of the Dungeon.
             The game lasted 00:03:30 (647 turns).

oldmanjim the Shooter (Gargoyle Hunter)              Turns: 647, Time: 00:03:31

Health: -1/23      AC:  6    Str: 14    XL:     3   Next: 68%
Magic:  3/3        EV: 11    Int:  9    God:
Gold:   15         SH:  0    Dex: 15    Spells: 2/2 levels left

rFire   . . .      SeeInvis .   a - +0 shortbow
rCold   . . .      Faith    .   (shield currently unavailable)
rNeg    + . .      Spirit   .   c - +0 leather armour
rPois   ∞          Reflect  .   (no helmet)
rElec   +          Harm     .   (no cloak)
rCorr   .          Rampage  .   (no gloves)
Will    .....                   (no boots)
Stlth   ++........              (no amulet)
HPRegen 0.07/turn               (no ring)
MPRegen 0.08/turn               (no ring)

@: slowed, very slow
A: sickness immunity, AC +3, negative energy resistance 1, electricity
resistance, torment resistance 1, petrification resistance
a: no special abilities


You were on level 2 of the Dungeon.
You visited 1 branch of the dungeon, and saw 2 of its levels.

You collected 15 gold pieces.

Inventory:

Hand Weapons
 a - a +0 shortbow (weapon)
 b - a +0 short sword
Missiles
 g - 6 stones
Armour
 c - a +0 leather armour (worn)
Jewellery
 f - an amulet of regeneration
Scrolls
 j - a scroll of immolation
 k - a scroll of vulnerability {unknown}
Potions
 d - a potion of might {unknown}
 e - a potion of resistance {unknown}
 h - a potion of heal wounds {unknown}
 i - a potion of brilliance {unknown}
 l - a potion of ambrosia {unknown}


   Skills:
 + Level 3.0 Fighting
 + Level 4.4 Ranged Weapons
 - Level 1.5 Dodging
 + Level 2.5 Stealth


You had 2 spell levels left.
You didn't know any spells.
Your spell library was empty.

Dungeon Overview and Level Annotations

Branches:
Dungeon (2/15)

Altars:

Annotations:
D:2 Natasha


Innate Abilities, Weirdness & Mutations

You are immune to sickness and miasma.
Your stone body is resilient. (AC +3)
You are immune to poison.
You resist negative energy. (rN+)
You are resistant to electric shocks. (rElec)
You are resistant to unholy torment.
You are immune to petrification.


Message History

The hobgoblin hits you but does no damage.
The hobgoblin barely misses you. Natasha closely misses you.
Fire: a) +0 shortbow
Press: ? - help, Q - select action, (/) - cycle Shift-Dir - straight line, f/p - Natasha
Aim: Natasha, carrying a wand of flame (8) (lightly wounded, 55% to hit)
You shoot an arrow. The arrow hits Natasha.
Natasha is heavily wounded.
Natasha claws you but does no damage.
The hobgoblin hits you but does no damage.
Natasha casts a spell.
The hobgoblin misses you.
Fire: a) +0 shortbow
Press: ? - help, Q - select action, (/) - cycle Shift-Dir - straight line, f/p - Natasha
Aim: Natasha, carrying a wand of flame (8) (heavily wounded, 55% to hit)
You shoot an arrow. The arrow hits Natasha.
Natasha is almost dead.
The hobgoblin barely misses you.
Natasha zaps a wand.
The puff of flame misses you.
The puff of flame hits the shadow imp!
The shadow imp misses you. The hobgoblin hits you. Natasha claws you.
* * * LOW HITPOINT WARNING * * *
Fire: a) +0 shortbow
Press: ? - help, Q - select action, (/) - cycle Shift-Dir - straight line, f/p - Natasha
Aim: Natasha, carrying a wand of flame (7) (almost dead, 55% to hit)
You shoot an arrow. The arrow closely misses Natasha.
The shadow imp closely misses you. The hobgoblin closely misses you.
Natasha stares at you and mumbles some strange words.
You resist with significant effort. The shadow imp barely misses you.
Natasha stares at you and mumbles some strange words.
You resist with significant effort. The hobgoblin barely misses you.
Fire: a) +0 shortbow
Press: ? - help, Q - select action, (/) - cycle Shift-Dir - straight line, f/p - Natasha
Aim: Natasha, carrying a wand of flame (7) (almost dead, 55% to hit)
You shoot an arrow. The arrow closely misses Natasha.
The shadow imp hits you but does no damage.
The hobgoblin hits you.
* * * LOW HITPOINT WARNING * * *
Natasha closely misses you. The shadow imp gestures at you.
Pain shoots through your body!
You die...

............. .#..
..... ..##
....?...........
..... ..........
.........<.....
......#.#......
#..gh....# #@#...#
# ###)##5#...#.#
..............#
...........####...
.###.#####........
#. #.#######
#.#####.######
.......[##....
........##.#.#


You could see Natasha, a shadow imp (summoned) and a hobgoblin.

Vanquished Creatures
  An adder (D:2)
  3 ball pythons (D:1)
  5 endoplasms
  2 giant cockroaches (D:1)
  4 goblins
  A hobgoblin (D:1)
  3 jackals (D:1)
  2 quokkas
  5 bats
  2 frilled lizards (D:1)
  2 kobolds (D:1)
  4 rats
34 creatures vanquished.

Notes
Turn   | Place    | Note
-------+----------+-------------------------------------------
     0 | D:1      | oldmanjim the Gargoyle Hunter began the quest for the Orb.
     0 | D:1      | Reached XP level 1. HP: 12/12 MP: 1/1
    54 | D:1      | Reached XP level 2. HP: 18/18 MP: 2/2
   292 | D:1      | Reached XP level 3. HP: 22/22 MP: 3/3
   638 | D:2      | Noticed Natasha
   647 | D:2      | Killed from afar by a shadow imp

Illustrated notes

Levels and vault maps discovered:
D:1:      mrwooster_arrival_arrow, layout_rooms, lemuel_old_faithful
D:2:      layout_basic, uniq_natasha

Skill      XL: |  1  2  3 |
---------------+----------+-----
Stealth        | 2 |  2.5
Fighting       | 3 |  3.0
Ranged Weapons | |  4.4
Dodging        | |  1.5

Action                   || total
-------------------------++-------
 Fire: Shortbow          ||    83
  Use: Scroll            ||     1
Armor: Leather armour    ||     7
Dodge: Dodged            ||    20
